 Dungeon Crawl Stone Soup version 0.31-a0-162-gc4c5a43528 (webtiles) character file.

Game seed: 10418147180598777065

76 qw the Shooter (level 4, -5/40 HPs)
             Began as a Naga Hunter on June 12, 2023.
             Killed by divine providence
             ... invoked by an orc priest
              (17 damage)
             ... on level 3 of the Dungeon.
             The game lasted 00:00:39 (2118 turns).

qw the Shooter (Naga Hunter)                        Turns: 2118, Time: 00:00:40

Health: -5/40      AC:  7    Str: 19    XL:     4   Next: 32%
Magic:  4/4        EV: 10    Int: 13    God:
Gold:   107        SH:  0    Dex: 18    Spells: 3/3 levels left

rFire   . . .        Y - +0 shortbow
rCold   . . .        (shield currently unavailable)
rNeg    . . .        i - +1 robe of Makhleb's Wrath {Int+3 Dex+2}
rPois   +            (no helmet)
rElec   .            (no cloak)
rCorr   .            (no gloves)
SInv    +            (no barding)
Will    .....        (no amulet)
Stlth   ++           g - +4 ring of protection
HPRegen 0.26/turn    j - +6 ring of strength
MPRegen 0.09/turn

%: no passive effects
@: short of breath, very slow
A: AC +1, large, see invisible, deformed body, poison resistance, slowness 2,
spit poison 1, naga tail 1
a: Spit Poison


You were on level 3 of the Dungeon.
You visited 1 branch of the dungeon, and saw 3 of its levels.

You collected 107 gold pieces.


Innate Abilities, Weirdness & Mutations

Your serpentine skin is tough. (AC +1)
You have supernaturally acute eyesight. (SInv)
Armour fits poorly on your strangely shaped body.
Your system is resistant to poisons. (rPois)
You cover ground very slowly.
You can spit poison.
You have a snake-like lower body.


   Skills:
 + Level 2.5 Fighting
 - Level 5.0 Ranged Weapons
 - Level 1.5 Dodging
 - Level 1.5 Stealth


You had 3 spell levels left.
You didn't know any spells.
Your spell library was empty.

Inventory:

Hand Weapons
 Y - a +0 shortbow (weapon)
Armour
 i - the +1 robe of Makhleb's Wrath (worn) {Int+3 Dex+2}
   (You found it on level 2 of the Dungeon)

   Int:       It affects your intelligence (+3).
   Dex:       It affects your dexterity (+2).
Jewellery
 b - a ring of protection from cold
 g - a +4 ring of protection (left hand)
 j - a +6 ring of strength (right hand)
Scrolls
 a - a scroll of identify
 h - 2 scrolls of teleportation
Potions
 c - a potion of degeneration {unknown}
 d - 3 potions of haste
 e - a potion of resistance
 f - a potion of heal wounds
 k - a potion of curing
 l - a potion of cancellation

Dungeon Overview and Level Annotations

Branches:
Dungeon (3/15)

Altars:
Fedhas
Kikubaaqudgha

Annotations:
D:1 1 transporter


Message History

2109 ||| Stepping ~*~*~tactically~*~*~ (outnumbered).
You have got your breath back.
The orc priest calls upon Beogh to heal the orc priest.
The orc priest is healed somewhat.
2111 ||| INVOKING Spit Poison.
Aiming: Spit Poison (1% risk of failure)
Press: ? - help, Shift-Dir - straight line, f/p - orc priest The splash of poison misses the orc priest.
The orc priest invokes the aid of Beogh against you.
Beogh smites you! The orc priest barely misses you.
You shoot an arrow.
The arrow hits the orc priest but does no damage.
The orc priest is lightly wounded.
The orc priest hits you with a +0 club. The orc priest closely misses you.
You shoot an arrow.
The arrow hits the orc priest but does no damage.
The orc priest is lightly wounded.
You have got your breath back.
The orc priest looks more healthy.
The orc priest hits you with a +0 club.
2114 ||| INVOKING Spit Poison.
Aiming: Spit Poison (1% risk of failure)
Press: ? - help, Shift-Dir - straight line, f/p - orc priest The splash of poison misses the orc priest.
The orc priest mumbles some strange prayers to Beogh against you.
Beogh smites you!
You shoot an arrow.
The arrow hits the orc priest but does no damage.
The orc priest is lightly wounded.
The orc priest hits you but does no damage.
You shoot an arrow. The arrow hits the orc priest.
The orc priest is moderately wounded.
You shoot an arrow. The arrow hits the orc priest!
The orc priest is almost dead.
The orc priest hits you with a +0 club. The orc priest closely misses you.
You shoot an arrow.
The arrow closely misses the orc priest.
The orc priest hits you but does no damage.
The orc priest calls down the wrath of Beogh upon you.
Beogh smites you!
You die...

#.# #.# #.# #.#
#.#######.# #.#
#...[..#.###.##########
#.#####.......#........#
#.#######.######># #.#
#.#### #.# #.#
#....###.# #@#
#.....##.# ...)).oo.#
#......... #######..#
#......... #..#
##....###.# ...# #~....#
#.# ...# #.~.~.###.#
#### #.~_~.....#
#~~~~~##### #~.~~~#


You could see 2 orc priests.

Vanquished Creatures
  2 adders
  A worm (D:2)
  3 orcs (D:3)
  8 ball pythons
  6 endoplasms
  A giant cockroach (D:1)
  3 goblins
  3 hobgoblins
  7 kobolds
  4 quokkas
  2 bats
  3 frilled lizards
  7 rats
50 creatures vanquished.

Notes
Turn   | Place    | Note
-------+----------+-------------------------------------------
     0 | D:1      | qw the Naga Hunter began the quest for the Orb.
     0 | D:1      | Reached XP level 1. HP: 19/19 MP: 1/1
     0 | D:1      | 0 ||| qw: Version: 0.2-a-29-gc1b59c4
     0 | D:1      | 0 ||| qw: Game counter: 4412
     0 | D:1      | 0 ||| qw: Always use a shield: true
     0 | D:1      | 0 ||| qw: God list: Okawaru
     0 | D:1      | 0 ||| qw: Allow faded altars: false
     0 | D:1      | 0 ||| qw: Do Orc after D:15 true
     0 | D:1      | 0 ||| qw: Do second Lair branch before Depths: true
     0 | D:1      | 0 ||| qw: Lair rune preference: random
     0 | D:1      | 0 ||| qw: Plans: Normal
     0 | D:1      | 0 ||| PLANNING D:1-11
    41 | D:1      | 41 ||| INVOKING Spit Poison.
    74 | D:1      | 74 ||| INVOKING Spit Poison.
    79 | D:1      | 79 ||| INVOKING Spit Poison.
    83 | D:1      | 83 ||| INVOKING Spit Poison.
   121 | D:1      | 121 ||| INVOKING Spit Poison.
   122 | D:1      | 122 ||| INVOKING Spit Poison.
   151 | D:1      | 151 ||| INVOKING Spit Poison.
   152 | D:1      | Reached skill level 4 in Ranged Weapons
   152 | D:1      | Reached XP level 2. HP: 26/26 MP: 2/2
   155 | D:1      | 155 ||| INVOKING Spit Poison.
   160 | D:1      | 160 ||| INVOKING Spit Poison.
   250 | D:1      | 250 ||| INVOKING Spit Poison.
   255 | D:1      | 255 ||| INVOKING Spit Poison.
   276 | D:1      | 276 ||| INVOKING Spit Poison.
   350 | D:1      | 350 ||| INVOKING Spit Poison.
   360 | D:1      | 360 ||| INVOKING Spit Poison.
   537 | D:1      | 537 ||| INVOKING Spit Poison.
   605 | D:1      | 605 ||| INVOKING Spit Poison.
   612 | D:1      | 612 ||| INVOKING Spit Poison.
   809 | D:1      | 809 ||| UPGRADING to +4 ring of protection.
   810 | D:1      | 810 ||| READING 4 scrolls labelled JAZXOONW POFOA.
   811 | D:1      | 811 ||| READING 3 scrolls labelled FICSONAHEFO.
   814 | D:1      | 814 ||| DRINKING 4 fuming orange potions.
   815 | D:1      | 815 ||| DRINKING 2 fizzy coppery potions.
   816 | D:1      | 816 ||| DROPPING scroll of butterflies.
   843 | D:2      | 843 ||| INVOKING Spit Poison.
   856 | D:2      | 856 ||| INVOKING Spit Poison.
   860 | D:2      | 860 ||| INVOKING Spit Poison.
   863 | D:2      | 863 ||| INVOKING Spit Poison.
   864 | D:2      | Reached XP level 3. HP: 32/32 MP: 3/3
   992 | D:2      | 992 ||| INVOKING Spit Poison.
  1137 | D:2      | 1137 ||| INVOKING Spit Poison.
  1152 | D:2      | 1152 ||| INVOKING Spit Poison.
  1158 | D:2      | Identified the +1 robe of Makhleb's Wrath {Int+3 Dex+2}
  1386 | D:2      | 1386 ||| INVOKING Spit Poison.
  1483 | D:2      | 1483 ||| INVOKING Spit Poison.
  1550 | D:2      | 1550 ||| INVOKING Spit Poison.
  1563 | D:2      | 1563 ||| INVOKING Spit Poison.
  1584 | D:2      | 1584 ||| INVOKING Spit Poison.
  1587 | D:2      | 1587 ||| INVOKING Spit Poison.
  1604 | D:2      | 1604 ||| INVOKING Spit Poison.
  1723 | D:2      | 1723 ||| UPGRADING to +1 robe of Makhleb's Wrath {Int+3
                  | Dex+2}.
  1733 | D:2      | 1733 ||| DROPPING +0 leather armour.
  1734 | D:2      | 1734 ||| UPGRADING to +6 ring of strength.
  1735 | D:2      | 1735 ||| READING scroll labelled HOCSAU XIPT.
  1736 | D:2      | 1736 ||| DRINKING 2 metallic clear potions.
  1737 | D:2      | 1737 ||| READING 3 scrolls of identify.
  1737 | D:2      | 1737 ||| IDENTIFYING yellow potion
  1738 | D:2      | 1738 ||| READING 2 scrolls of identify.
  1738 | D:2      | 1738 ||| IDENTIFYING lumpy silvery potion
  1827 | D:3      | 1827 ||| INVOKING Spit Poison.
  1832 | D:3      | Reached skill level 5 in Ranged Weapons
  1832 | D:3      | Reached XP level 4. HP: 39/39 MP: 4/4
  1832 | D:3      | 1832 ||| INVOKING Spit Poison.
  1842 | D:3      | Found an ancient bone altar of Kikubaaqudgha.
  1939 | D:3      | Found a blossoming altar of Fedhas.
  1965 | D:3      | 1965 ||| INVOKING Spit Poison.
  2102 | D:3      | 2102 ||| INVOKING Spit Poison.
  2108 | D:3      | 2108 ||| INVOKING Spit Poison.
  2109 | D:3      | 2109 ||| Stepping ~*~*~tactically~*~*~ (outnumbered).
  2111 | D:3      | 2111 ||| INVOKING Spit Poison.
  2114 | D:3      | 2114 ||| INVOKING Spit Poison.
  2118 | D:3      | Killed from afar by an orc priest

Levels and vault maps discovered:
D:1:      spicycebolla_arrival_risky_transporter, layout_basic
D:2:      layout_basic, st_stairs_4, minmay_3d_cube
D:3:      layout_loops_ring, mainiacjoe_overflow_brackets, fedhas_altar_2,
          ebering_ecumenical_altar_mist

Skill      XL: |  1  2  3 |
---------------+----------+-----
Ranged Weapons | 4 5 |  5.0
Fighting       | |  2.5
Dodging        | |  1.5
Stealth        | |  1.5

Action                     |  1- 3 |  4- 6 || total
---------------------------+-------+-------++-------
   Fire: Shortbow          |    75 |    17 ||    92
Ability: Spit Poison       |    31 |     6 ||    37
    Use: Scroll            |     5 |       ||     5
         Potion            |     3 |       ||     3
 Armour: Leather armour    |     4 |       ||     4
         Robe              |       |     3 ||     3
  Dodge: Dodged            |    10 |     4 ||    14

Table legend:
 A = Non-vault XP
 B = Vault XP
 C = Vault XP percentage of total XP
 D = Non-vault monster count
 E = Vault monster count
 F = Vault count percentage of total count
                 A         B        C        D         E       F
            +---------+---------+-------+---------+---------+-------
      Total |     104 |       5 |   4.6 |      46 |       4 |   8.0
            +---------+---------+-------+---------+---------+-------
        D:1 |      31 |       0 |   0.0 |      19 |       0 |   0.0
        D:2 |      41 |       5 |  10.9 |      16 |       4 |  20.0
        D:3 |      32 |       0 |   0.0 |      11 |       0 |   0.0
            +---------+---------+-------+---------+---------+-------
